 Dungeon Crawl Stone Soup version 0.31-a0-859-g9dce7d3444 (webtiles) character file.

Game seed: 1401313871140044566

6168 croobank the Charlatan (level 10, -2/74 HPs)
             Began as a Demonspawn Ice Elementalist on Oct 9, 2023.
             Was a High Priest of Okawaru.
             Killed from afar by Erica (13 damage)
             ... with a bolt of poison
             ... on level 9 of the Dungeon.
             The game lasted 00:34:04 (8019 turns).

croobank the Charlatan (DsIE)                       Turns: 8019, Time: 00:34:05

Health: -2/74      AC: 18    Str:  8    XL:     10   Next: 60%
Magic:  19/27      EV: 13    Int: 18    God:    Okawaru [*****.]
Gold:   17         SH:  0    Dex: 22    Spells: 11/20 levels left

rFire   . . .        a - +6 short sword of Prudence {protect, rN+ Str-3 Dex+5}
rCold   + . .        (no shield)
rNeg    + . .        j - +2 ring mail {rC+}
rPois   .            (helmet restricted)
rElec   .            B - +0 cloak
rCorr   .            J - +0 pair of gloves {Dex+3}
SInv    .            (no boots)
Will    .....        (no amulet)
Stlth   +++          c - +4 ring of protection
HPRegen 0.32/turn    G - ring of magical power
MPRegen 0.20/turn

%: no passive effects
@: lethally poisoned (-2 -> -14), ice-armoured, freezing walls
A: horns 2, molten scales 1, (demonic guardian 1), demonic magic 2
a: Renounce Religion, Heroism, Finesse, Duel


You were on level 9 of the Dungeon.
You worshipped Okawaru.
Okawaru was extremely pleased with you.
You visited 1 branch of the dungeon, and saw 9 of its levels.
You also visited: Sewer.

You collected 503 gold pieces.
You spent 486 gold pieces at shops.

Inventory:

Hand Weapons
 a - the +6 short sword of Prudence (weapon) {protect, rN+ Str-3 Dex+5}
   (You bought it in a shop on level 2 of the Dungeon)

   Str-3:     It affects your strength (-3).
   Dex+5:     It affects your dexterity (+5).
   rN+:       It protects you from negative energy.
 b - a +1 sling
 p - a +0 long sword
 y - a +5 great sword
 I - a +3 morningstar of freezing
Missiles
 h - 22 poisoned darts
 m - 7 atropa-tipped darts
Armour
 j - a +2 ring mail of cold resistance (worn)
 s - a +0 leather armour
 z - a +0 robe
 B - a +0 cloak (worn)
 F - a +0 ring mail
 J - a +0 pair of gloves of dexterity (worn)
Jewellery
 c - a +4 ring of protection (left hand)
 G - a ring of magical power (right hand)
Talismans
 v - a blade talisman
Wands
 r - a wand of paralysis (12)
 A - a wand of flame (36)
Scrolls
 f - 4 scrolls of identify
 i - 2 scrolls of fear
 t - 4 scrolls of teleportation
 w - 3 scrolls of enchant weapon
 E - 2 scrolls of blinking
 H - 2 scrolls of poison
Potions
 d - 2 potions of heal wounds
 e - 2 potions of curing
 g - a potion of resistance
 n - a potion of magic
 o - a potion of enlightenment
 q - 3 potions of invisibility
 u - a potion of might
 x - a potion of haste
 C - a potion of berserk rage


   Skills:
 - Level 5.5 Fighting
 - Level 5.1 Short Blades
 - Level 5.6 Dodging
 - Level 6.1 Stealth
 - Level 5.6 Spellcasting
 - Level 2.1 Transmutations
 - Level 6.4 Ice Magic
 + Level 7.0 Evocations


You had 11 spell levels left.
You knew the following spells:

 Your Spells              Type           Power      Damage    Failure   Level
a - Freeze                Ice            100%       1d10      2%          1
b - Frozen Ramparts       Ice            56%        1d9       9%          3
c - Ozocubu's Armour      Ice            28%        N/A       9%          3
d - Wereblood             Tmut           12%        N/A       24%         2

Your spell library contained the following spells:

 Spells                   Type           Power      Damage    Failure   Level
 Necrotise                Necr           20%        1d5       36%         1
 Static Discharge         Conj/Air       10%        2-3/arc   52%         2
 Stone Arrow              Conj/Erth      10%        3d7       75%         3
 Vampiric Draining        Necr           5%         2d6       75%         3
 Petrify                  Tmut/Erth      8%         N/A       94%         4
 Metabolic Englaciation   Hex/Ice        8%         N/A       96%         5
 Airstrike                Air            2%         2d(1-17)  98%         4
 Agony                    Necr           5%         N/A       100%        5
 Irradiate                Conj/Tmut      4%         3d13      100%        5
 Lehudib's Crystal Spear  Conj/Erth      2%         10d2      100%        8
 Summon Small Mammal      Summ           Unusable   N/A       N/A         1
 Summon Ice Beast         Ice/Summ       Unusable   N/A       N/A         4
 Call Canine Familiar     Summ           Unusable   N/A       N/A         3
 Summon Guardian Golem    Hex/Summ       Unusable   N/A       N/A         3
 Animate Armour           Summ/Erth      Unusable   N/A       N/A         4
 Summon Lightning Spire   Summ/Air       Unusable   N/A       N/A         4

Dungeon Overview and Level Annotations

Branches:
Dungeon (9/15)             Temple (0/1) D:6           Sewer (visited)
   Lair: D:8-11         Orc: D:9-12

Altars:
Ashenzari
Cheibriados
Gozag
Kikubaaqudgha
Okawaru
Sif Muna
Trog
Uskayaw
Wu Jian
Xom

Shops:
D:2 ([[?!   D:8 *

Annotations:
D:5 2 transporters, Kurtz's ghost, weakling NaDe
D:9 Erica


Innate Abilities, Weirdness & Mutations

You have a pair of horns on your head.
You are partially covered in molten scales. (AC +2)
((A weak demonic guardian rushes to your aid.))
Spells you cast may paralyse nearby enemies.


Message History

The frozen ramparts melt away.
Something hits you but does no damage.
You hit something.
Your weapon exudes an aura of protection.
You headbutt something. Something hits you. Something burns you.
The heat melts your icy armour. Magic courses through your body.
Something hits you. Something burns you. The heat melts your icy armour.
Casting: Freeze (safe; 2% risk of failure)
Confirm with . or Enter, or press ? or * to list all spells.
Casting: Frozen Ramparts (dangerous; 9% risk of failure)
Press: ? - help, Dir - look around, f - activate A rock wall.
The walls around you are covered in ice.
Malevolent energies surge around you.
The wall freezes something.
Something hits you.
* * * LOW HITPOINT WARNING * * *
Something burns you.
* * * LOW HITPOINT WARNING * * *
The heat melts your icy armour.
Casting: Frozen Ramparts (dangerous; 9% risk of failure)
Confirm with . or Enter, or press ? or * to list all spells.
Your icy armour thickens.
Malevolent energies surge around you.
An orc priest comes into view.
It is wielding a +1 dagger of distortion.
The wall freezes something!
Something hits you.
* * * LOW HITPOINT WARNING * * *
Something burns you.
* * * LOW HITPOINT WARNING * * *
The heat melts your icy armour.
Casting: Ozocubu's Armour (dangerous; 9% risk of failure)
Confirm with . or Enter, or press ? or * to list all spells.
Aiming: Freeze (safe; 2% risk of failure)
Press: ? - help, Shift-Dir - straight line You freeze something.
Malevolent energies surge around you.
The orc priest shouts!
You hear a shout!
You hear a bellow! x2
The wall freezes something.
You hear some strange, mumbled words.
A bolt of poison appears from out of thin air!
The bolt of poison hits you!
You are lethally poisoned!
You die...

#.#.....#######
#(#...........###
#(###............
#########).>..#..###.....
.?.....(o.#####.## ....
####.####.### #†.# .....
#~~..~≈≈#)# ###.##...>.
#≈....~≈#{# #..........
#..§§§.)#@# #...<.#####
...§§§.)).# #..........
#...§§§)#.# #..........
#~....~≈#.# #.........~
#~≈..~≈≈#.# #.<...~~~~.
####.####.# #...~~≈Y~~.
#. ..# #...~≈~~~≈~ # ###
#.#..~S~≈~~


You could see an orc priest.

Vanquished Creatures
  A hornet (D:9)
  Sigmund (D:3)
  A wyvern (D:8)
  18 yaks
  Duvessa (D:7)
  A water moccasin (Sewer)
  3 orc warriors
  An ice beast (D:7)
  An ogre (D:6)
  A wolf (D:9)
  3 centaurs
  A phantom (D:6)
  A kobold brigand (D:9)
  A bullfrog (D:6)
  2 scorpions
  12 wights
  4 killer bees (D:9)
  Dowan (D:7)
  An electric eel (D:9)
  2 howler monkeys (D:7)
  A gnoll bouda (D:8)
  An orc priest (D:4)
  3 hounds
  4 jellies
  2 sleepcaps
  Crazy Yiuf (D:2)
  Ijyb (D:3)
  4 iguanas
  2 orc wizards (D:4)
  7 gnolls
  8 adders
  A river rat (D:5)
  4 shadow imps
  3 white imps
  An ufetubus (D:5)
  4 worms
  13 orcs
  12 ball pythons
  8 endoplasms
  4 giant cockroaches
  2 goblins
  2 hobgoblins
  A quokka (D:2)
  12 bats
  5 kobolds
  8 rats
171 creatures vanquished.

Notes
Turn   | Place    | Note
-------+----------+-------------------------------------------
     0 | D:1      | croobank the Demonspawn Ice Elementalist began the quest
                  | for the Orb.
     0 | D:1      | Reached XP level 1. HP: 13/13 MP: 3/3
   481 | D:1      | Found a faded altar of an unknown god.
   508 | D:1      | Prayed at the altar of an unknown god.
   508 | D:1      | Became a worshipper of Warmaster Okawaru
   508 | D:1      | Reached * piety under Okawaru
   513 | D:1      | Gained mutation: You are partially covered in molten
                  | scales. (AC +2) [demonic ancestry]
   513 | D:1      | Reached XP level 2. HP: 19/19 MP: 1/5
   964 | D:2      | Found Inluxyt's Magic Scroll Emporium.
   969 | D:2      | Found Veuskiong's Armour Emporium.
   984 | D:2      | Bought a scroll of identify for 24 gold pieces
   984 | D:2      | Bought a scroll of fear for 48 gold pieces
  1016 | D:2      | Found Zohail's Antique Weapon Shop.
  1120 | D:2      | Found a runed translucent door.
  1121 | D:2      | Noticed Crazy Yiuf
  1148 | D:2      | Found Yluok's Armour Shoppe.
  1159 | D:2      | Reached XP level 3. HP: 24/24 MP: 2/6
  1217 | D:2      | Learned a level 3 spell: Frozen Ramparts
  1253 | D:2      | Found Kibubep's Distillery.
  1696 | D:3      | Gained mutation: A weak demonic guardian rushes to your
                  | aid. [demonic ancestry]
  1696 | D:3      | Reached XP level 4. HP: 29/31 MP: 0/7
  1700 | D:3      | Learned a level 3 spell: Ozocubu's Armour
  1935 | D:3      | Reached skill level 1 in Fighting
  2022 | D:3      | Noticed Sigmund
  2044 | D:3      | Killed Sigmund
  2044 | D:3      | Reached ** piety under Okawaru
  2045 | D:3      | Reached skill level 1 in Short Blades
  2045 | D:3      | Gained mutation: Spells you cast may paralyse adjacent
                  | enemies. [demonic ancestry]
  2045 | D:3      | Reached XP level 5. HP: 20/38 MP: 0/9
  2222 | D:3      | Found an opulent altar of Gozag.
  2270 | D:3      | Gained mutation: Spells you cast may paralyse nearby
                  | enemies. [demonic ancestry]
  2270 | D:3      | Reached XP level 6. HP: 27/44 MP: 6/10
  2398 | D:3      | Noticed Ijyb
  2409 | D:3      | Killed Ijyb
  3240 | D:4      | Found a shimmering blue altar of Sif Muna.
  3715 | D:5      | Entered Level 5 of the Dungeon
  3739 | D:5      | Reached *** piety under Okawaru
  3740 | D:5      | Gained mutation: You have a pair of small horns on your
                  | head. [demonic ancestry]
  3740 | D:5      | Reached XP level 7. HP: 51/51 MP: 0/12
  3929 | D:2      | Bought an iridescent short sword for 224 gold pieces
  3929 | D:2      | Identified the +6 short sword of Prudence {protect, rN+
                  | Str-3 Dex+5} (You bought it in a shop on level 2 of the
                  | Dungeon)
  3961 | D:2      | Killed Crazy Yiuf
  4171 | D:5      | Found a transporter.
  4172 | D:5      | Found a transporter.
  4172 | D:5      | Noticed Kurtz's ghost (weakling NaDe)
  4191 | D:5      | Found a glowing drain.
  4212 | Sewer    | Entered a sewer
  5187 | D:6      | Reached skill level 5 in Ice Magic
  5404 | D:6      | Reached XP level 8. HP: 58/58 MP: 13/13
  5469 | D:6      | Found a snail-covered altar of Cheibriados.
  5602 | D:6      | Reached **** piety under Okawaru
  5894 | D:6      | Found a shimmering altar of Xom.
  5899 | D:6      | Reached skill level 5 in Stealth
  6040 | D:6      | Found a staircase to the Ecumenical Temple.
  6139 | D:2      | Bought a +0 pair of gloves of dexterity for 115 gold pieces
  6376 | D:7      | Found a hide-covered altar of Uskayaw.
  6389 | D:6      | Reached XP level 9. HP: 59/66 MP: 16/16
  6577 | D:7      | Noticed Duvessa
  6577 | D:7      | Noticed Dowan
  6580 | D:7      | Killed Dowan
  6585 | D:7      | Killed Duvessa
  6599 | D:7      | Reached skill level 5 in Dodging
  6721 | D:7      | Reached skill level 5 in Spellcasting
  6736 | D:7      | Learned a level 2 spell: Wereblood
  6818 | D:7      | Reached skill level 5 in Fighting
  6818 | D:7      | Reached skill level 1 in Transmutations
  6825 | D:7      | Reached ***** piety under Okawaru
  6839 | D:7      | Reached skill level 5 in Short Blades
  6845 | D:7      | Received a gift from Okawaru
  6846 | D:7      | Gained mutation: You have a pair of horns on your head.
                  | [demonic ancestry]
  6846 | D:7      | Reached XP level 10. HP: 66/74 MP: 12/18
  7089 | D:7      | Reached skill level 1 in Evocations
  7249 | D:8      | Found an ornate altar of the Wu Jian Council.
  7316 | D:8      | Found a bloodstained altar of Trog.
  7419 | D:8      | Reached skill level 2 in Evocations
  7511 | D:8      | Found an ancient bone altar of Kikubaaqudgha.
  7579 | D:8      | Found Xeafut's Serpentskin Sales.
  7587 | D:8      | Bought a scroll of poison for 52 gold pieces
  7587 | D:8      | Bought 3 poisoned darts for 23 gold pieces
  7669 | D:8      | Reached skill level 3 in Evocations
  7703 | D:8      | Found a broken altar of Ashenzari.
  7889 | D:9      | Reached skill level 4 in Evocations
  7967 | D:9      | Reached skill level 5 in Evocations
  7987 | D:9      | Noticed Erica
  7994 | D:9      | Reached skill level 6 in Evocations
  8010 | D:9      | Reached skill level 7 in Evocations
  8019 | D:9      | Killed from afar by Erica

Illustrated notes

Levels and vault maps discovered:
D:1:      scummos_arrival_simple_fountains, layout_basic,
          ebering_ecumenical_altar_petrified, bh_walls_and_bars
D:2:      layout_rooms, serial_shops, shop, shop, shop, shop, shop,
          uniq_crazy_yiuf_cottage
D:3:      layout_basic, grunt_gozag_statues, chequers_serial_rivers_room_a,
          grunt_decor_one_mirror, uniq_sigmund, uniq_ijyb
D:4:      layout_loops_ring, mainiacjoe_overflow_cross_hatched,
          mainiacjoe_overflow_catwalk
D:5:      layout_basic, serial_rivers, chequers_serial_rivers_small_b,
          chequers_serial_rivers_marsh, chequers_serial_rivers_micro_d,
          chequers_serial_rivers_micro_c, gammafunk_ghost_arena,
          portal_sewer_entry_c
D:6:      layout_cave_pools, xom_butterflies, cheibriados_altar_1,
          nicolae_overflow_hidden_temple, temple_green, minmay_hedge_maze
D:7:      layout_loops_ring, mainiacjoe_overflow_small_starburst,
          kennysheep_doodads, uniq_duvessa
D:8:      layout_loops_ring, mainiacjoe_overflow_alcove_1,
          mainiacjoe_overflow_surrounded_room, lemuel_round_altar,
          nicolae_overflow_crystal_walls, guppyfry_shop_venom
D:9:      layout_rooms, okawaru_altar_gauntlet_db, mainiacjoe_overflow_chevrons,
          serial_ice, serial_ice_a, serial_ice_b, serial_ice_m, serial_ice_h,
          serial_ice_n, serial_ice_c, serial_ice_e, serial_ice_f,
          serial_bayou_ford_a, uniq_erica

Skill      XL: |  1  2  3  4  5  6  7  8  9 10 |
---------------+-------------------------------+-----
Stealth        | 2 3 4 5 6 |  6.1
Dodging        | 2 3 4 5 |  5.6
Ice Magic      | 4 5 6 |  6.4
Fighting       | 1 2 3 4 5 |  5.5
Short Blades   | 1 2 3 4 5 |  5.1
Spellcasting   | 3 4 5 |  5.6
Transmutations | 2 |  2.1
Evocations     | 7 |  7.0

Action                     |  1- 3 |  4- 6 |  7- 9 | 10-12 || total
---------------------------+-------+-------+-------+-------++-------
  Melee: Dagger            |    28 |    53 |    21 |       ||   102
         Unarmed           |     1 |       |       |       ||     1
         Punch             |       |     2 |       |     1 ||     3
         Short sword       |       |       |   111 |    52 ||   163
         Headbutt          |       |       |    26 |    11 ||    37
  Throw: Dart              |     4 |     1 |       |     1 ||     6
         Javelin           |       |       |       |     5 ||     5
   Cast: Freeze            |    33 |    15 |    25 |    17 ||    90
         Frozen Ramparts   |     4 |    11 |    23 |     8 ||    46
         Ozocubu's Armour  |       |     3 |    22 |     6 ||    31
         Wereblood         |       |       |     1 |       ||     1
  Evoke: Wand              |       |       |       |     3 ||     3
    Use: Scroll            |     3 |     7 |     1 |     2 ||    13
         Potion            |       |     1 |       |     3 ||     4
   Stab: Sleeping          |     4 |     4 |     8 |     6 ||    22
         Distracted        |     1 |       |       |       ||     1
         Paralysed         |       |    10 |    40 |    10 ||    60
 Armour: Robe              |    25 |    15 |    53 |     6 ||    99
         Ring mail         |       |       |       |    37 ||    37
  Dodge: Dodged            |    26 |    42 |    75 |    30 ||   173

Table legend: (Time is in decaauts)
 A = Elapsed time spent in this place.
 B = Non-inter-level travel time spent in this place.
 C = Inter-level travel time spent in this place.
 D = Time resting spent in this place.
 E = Time spent auto-exploring this place.
 F = Levels seen in this place.
 G = Mean time per level.
                   A        B        C        D        E       F      G
               +--------+--------+--------+--------+--------+-----+--------+
         Total |   7993 |   7413 |    580 |   1147 |   4641 |  10 |  799.3 |
       Dungeon |   7804 |   7224 |    580 |   1045 |   4641 |   9 |  867.1 |
         Sewer |    188 |    188 |      0 |    102 |      0 |   1 |  188.0 |
               +--------+--------+--------+--------+--------+-----+--------+

Top non-repeatable levels by time:
     D:3: 1270 daAuts
     D:6: 1170 daAuts
     D:2: 1011 daAuts
     D:5: 1005 daAuts
     D:1: 894 daAuts
     D:4: 867 daAuts
     D:7: 775 daAuts
     D:8: 659 daAuts
   Sewer: 188 daAuts
     D:9: 150 daAuts
